 Dungeon Crawl Stone Soup version 0.29-a0-207-gf982a884d8 (webtiles) character file.

Game seed: 6513170797022674332

6225 YayAnonymity the Frost Mage (level 10, -3/74 HPs)
             Began as a Merfolk Ice Elementalist on Feb 21, 2022.
             Was a Believer of Sif Muna.
             Slain by a boulder beetle (17 damage)
             ... on level 9 of the Dungeon on Feb 23, 2022.
             The game lasted 00:33:48 (9484 turns).

YayAnonymity the Frost Mage (MfIE)                  Turns: 9484, Time: 00:33:49

Health: -3/74      AC: 11    Str:  9    XL:     10   Next: 92%
Magic:  4/20       EV: 14    Int: 18    God:    Sif Muna [**....]
Gold:   404        SH:  0    Dex: 15    Spells: 10/23 levels left

rFire   . . .      SeeInvis .   d - +2 whip (elec)
rCold   + . .      Faith    .   (no shield)
rNeg    . . .      Spirit   .   B - +0 steam dragon scales
rPois   .          Reflect  .   (no helmet)
rElec   .          Harm     .   k - +1 cloak {rCorr}
rCorr   +          Rampage  .   i - +2 pair of gloves
Will    .....                   h - +0 pair of boots
Stlth   +++.......              j - amulet of regeneration
HPRegen 1.02/turn               D - ring of protection from cold
MPRegen 0.17/turn               (no ring)

@: no status effects
A: (nimble swimmer 2), mertail
a: Renounce Religion, Channel Magic


You were on level 9 of the Dungeon.
You worshipped Sif Muna.
Sif Muna was pleased with you.
You visited 2 branches of the dungeon, and saw 10 of its levels.

You collected 404 gold pieces.

Inventory:

Hand Weapons
 d - a +2 whip of electrocution (weapon)
 e - a +3 quarterstaff of chaos
 m - a +2 short sword of speed
Missiles
 g - 221 stones (quivered)
 l - 5 poisoned darts
Armour
 h - a +0 pair of boots (worn)
 i - a +2 pair of gloves (worn)
 k - a +1 cloak of preservation (worn)
 B - +0 steam dragon scales (worn)
Jewellery
 j - an amulet of regeneration (around neck)
 D - a ring of protection from cold (left hand)
Wands
 t - a wand of charming (2)
 F - a wand of iceblast (8)
 G - a wand of mindburst (12)
Scrolls
 f - a scroll of enchant weapon
 o - 5 scrolls of fog
 r - a scroll of blinking
 u - 2 scrolls of enchant armour
 w - a scroll of vulnerability
 x - 2 scrolls of acquirement {unknown}
 y - 2 scrolls of teleportation {unknown}
 A - a scroll of amnesia {unknown}
 E - 2 scrolls of noise {unknown}
 H - a scroll of identify
Potions
 a - 3 potions of mutation
 b - 2 potions of cancellation
 c - 3 potions of attraction
 n - a potion of flight
 p - 3 potions of haste
 q - a potion of magic {unknown}
 s - a potion of brilliance {unknown}
 v - 4 potions of heal wounds
 z - a potion of lignification {unknown}
 C - a potion of curing {unknown}


   Skills:
 + Level 5.0 Fighting
 + Level 5.0 Dodging
 - Level 4.0 Stealth
 - Level 7.0 Spellcasting
 - Level 5.0 Conjurations
 - Level 5.0 Hexes
 - Level 5.0 Necromancy
 + Level 9.9 Ice Magic
 + Level 0.0 Invocations


You had 10 spell levels left.
You knew the following spells:

 Your Spells              Type           Power      Damage    Failure   Level
a - Freeze                Ice            100%       1d11      1%          1
b - Frozen Ramparts       Ice            84%        1d10      1%          3
c - Hailstorm             Conj/Ice       33%        3d8       4%          4
d - Foxfire               Conj/Fire      60%        2x1d7     3%          1
e - Anguish               Hex/Necr       12%        N/A       14%         4

Your spell library contained the following spells:

 Spells                   Type           Power      Damage    Failure   Level
 Pain                     Necr           96%        1d8       1%          1
 Ozocubu's Armour         Ice            42%        N/A       1%          3
 Tukima's Dance           Hex            24%        N/A       4%          3
 Corpse Rot               Necr/Air       30%        N/A       6%          2
 Conjure Flame            Conj/Fire      15%        6-21      12%         3
 Inner Flame              Hex/Fire       15%        N/A       12%         3
 Portal Projectile        Hex/Tloc       30%        N/A       12%         3
 Dispel Undead            Necr           24%        3d12      14%         4
 Call Canine Familiar     Summ           6%         N/A       32%         3
 Flame Wave               Conj/Fire      15%        2d6       36%         4
 Leda's Liquefaction      Hex/Erth       7%         N/A       36%         4
 Agony                    Necr           24%        N/A       36%         5
 Excruciating Wounds      Necr           12%        N/A       36%         5
 Death Channel            Necr           12%        N/A       91%         6
 Blade Hands              Tmut           3%         N/A       96%         5
 Enfeeble                 Hex            12%        N/A       100%        7


Dungeon Overview and Level Annotations

Branches:
Dungeon (9/15)             Temple (1/1) D:5            Lair (0/6) D:9
    Orc: D:9-12

Altars:
Ashenzari
Dithmenos
Elyvilon
Fedhas
Gozag
Hepliaklqana
Kikubaaqudgha
Makhleb
Nemelex Xobeh
Okawaru
Qazlal
Ru
Sif Muna
Trog
Uskayaw
Wu Jian
Xom
Zin
The Shining One
Ignis

Shops:
D:2 (   D:6 *   D:7 *   D:9 (

Annotations:
D:7 exclusion: orange demon, Amaemon
D:9 exclusions: cyclops, hydra and 2 ugly things


Innate Abilities, Weirdness & Mutations

((You are very nimble when in or above water. (Stealth+, EV+, Speed+++)))
Your lower body shifts to a powerful aquatic tail in water.


Message History

The boulder beetle is heavily wounded.
Casting: Foxfire (safe; 3% risk of failure)
Confirm with . or Enter, or press ? or * to list all spells.
You conjure some foxfire!
The boulder beetle barely misses you.
The foxfire hits the boulder beetle but does no damage.
The boulder beetle is heavily wounded.
The foxfire hits the boulder beetle.
The boulder beetle is heavily wounded.
The boulder beetle closely misses you.
Casting: Foxfire (safe; 3% risk of failure)
Confirm with . or Enter, or press ? or * to list all spells.
You conjure some foxfire!
The boulder beetle bites you but does no damage.
The foxfire hits the boulder beetle but does no damage.
The boulder beetle is heavily wounded.
The foxfire hits the boulder beetle but does no damage.
The boulder beetle is heavily wounded.
The boulder beetle barely misses you.
Casting: Foxfire (safe; 3% risk of failure)
Confirm with . or Enter, or press ? or * to list all spells.
You conjure some foxfire!
The boulder beetle bites you!!
* * * LOW HITPOINT WARNING * * *
The frozen ramparts melt away.
The foxfire hits the boulder beetle but does no damage.
The boulder beetle is heavily wounded.
The foxfire hits the boulder beetle but does no damage.
The boulder beetle is heavily wounded.
The boulder beetle bites you but does no damage.
You hit the boulder beetle but do no damage.
The boulder beetle is heavily wounded.
The boulder beetle barely misses you.
The boulder beetle bites you but does no damage.
You hit the boulder beetle but do no damage.
The boulder beetle is heavily wounded.
The boulder beetle bites you.
* * * LOW HITPOINT WARNING * * *
You hit the boulder beetle but do no damage.
The boulder beetle is heavily wounded.
The boulder beetle bites you!
You die...

#....##.........>.......#
#..#................##
#..#..##...........##
##############...###.........##
...............).#####.....###
..#####..#######)##......#'#
.............# #)##)....##'###
##.......###.# #รท)............
#.......# #.###@B............
#.......# #.........)........
######### #..................#
#####..................
#..!...########.#######
#......# #....# #......# #....#
#......# #....#
#...#'#########....#


You could see a boulder beetle.

Vanquished Creatures
  Pikel (D:7)
  2 cyclopes
  6 yaks (D:8)
  3 steam dragons
  A vampire mosquito (D:9)
  3 wargs (D:9)
  Menkaure (D:6)
  An acid dragon (shapeshifter) (D:9)
  A water moccasin (D:7)
  2 ice beasts
  4 orc warriors
  2 sky beasts
  3 centaurs
  An ogre (D:5)
  2 lemures (D:7)
  2 bullfrogs
  A scorpion (D:4)
  5 killer bees (D:8)
  3 wights (D:7)
  4 howler monkeys
  4 crimson imps (D:5)
  A jelly (D:5)
  2 bullfrog skeletons
  Crazy Yiuf (D:7)
  A centaur zombie (D:5)
  2 hounds
  6 orc priests
  4 iguanas
  5 orc wizards
  3 hound skeletons
  A howler monkey skeleton (D:5)
  A howler monkey zombie (D:6)
  6 adders
  2 white imps
  An ufetubus (D:5)
  An adder skeleton (D:4)
  A worm (D:2)
  13 dart slugs
  16 orcs
  10 endoplasms
  A giant cockroach (D:3)
  8 goblins
  6 hobgoblins
  6 jackals (D:4)
  5 kobolds
  5 quokkas
  8 ball pythons
  5 bats
  3 frilled lizards
  3 rats
179 creatures vanquished.

Vanquished Creatures (others)
  Maurice (D:8)
  138 foxfires
  A plant (D:9)
140 creatures vanquished.

Grand Total: 319 creatures vanquished

Notes
Turn   | Place    | Note
-------+----------+-------------------------------------------
     0 | D:1      | YayAnonymity the Merfolk Ice Elementalist began the quest
                  | for the Orb.
     0 | D:1      | Reached XP level 1. HP: 13/13 MP: 3/3
   255 | D:1      | Reached XP level 2. HP: 19/19 MP: 0/5
  1052 | D:1      | Reached XP level 3. HP: 24/24 MP: 4/6
  1309 | D:1      | Learned a level 3 spell: Frozen Ramparts
  1454 | D:2      | Found a faded altar of an unknown god.
  1812 | D:2      | Found Upiby's Weapon Emporium.
  1961 | D:2      | Reached skill level 5 in Ice Magic
  2038 | D:2      | Reached XP level 4. HP: 30/30 MP: 6/8
  2462 | D:3      | Reached XP level 5. HP: 35/35 MP: 5/9
  2537 | D:3      | Identified the +4 ring mail of the Pink Corner {+Blink
                  | Int+2 Stlth+}
  2813 | D:3      | Found an iron altar of Okawaru.
  2867 | D:3      | Reached skill level 5 in Dodging
  2867 | D:3      | Reached XP level 6. HP: 34/41 MP: 6/11
  3108 | D:3      | Upgraded the game from 0.29-a0-187-ga23d9638d5 to
                  | 0.29-a0-207-gf982a884d8
  3273 | D:4      | Reached skill level 6 in Ice Magic
  4075 | D:4      | Found an ancient bone altar of Kikubaaqudgha.
  4245 | D:4      | Found a glowing silver altar of Zin.
  4254 | D:4      | Found a hazy altar of Hepliaklqana.
  4297 | D:4      | Learned a level 4 spell: Hailstorm
  4322 | D:5      | Entered Level 5 of the Dungeon
  4427 | D:5      | Noticed a sky beast
  4504 | D:5      | Reached XP level 7. HP: 47/47 MP: 13/13
  4506 | D:5      | Learned a level 1 spell: Foxfire
  4576 | D:5      | Found a shimmering altar of Xom.
  4589 | D:5      | Reached skill level 1 in Fighting
  4708 | D:5      | Reached skill level 1 in Conjurations
  4708 | D:5      | Reached skill level 7 in Ice Magic
  4774 | D:5      | Found a staircase to the Ecumenical Temple.
  4792 | Temple   | Entered the Ecumenical Temple
  4870 | Temple   | Became a worshipper of Sif Muna the Loreminder
  5499 | D:6      | Noticed Menkaure
  5510 | D:6      | Killed Menkaure
  5511 | D:6      | Reached XP level 8. HP: 28/57 MP: 11/15
  5578 | D:6      | Reached skill level 5 in Spellcasting
  5831 | D:6      | Found Jowylyig's General Store.
  6055 | D:6      | Noticed a cyclops
  6069 | D:6      | Killed a cyclops
  6070 | D:6      | Reached XP level 9. HP: 10/66 MP: 7/18
  6335 | D:6      | Found a hide-covered altar of Uskayaw.
  6426 | D:7      | Learned a level 4 spell: Anguish
  6470 | D:7      | Found Ettuirir's Assorted Antiques.
  6575 | D:7      | Noticed Amaemon
  6808 | D:7      | Found a shadowy altar of Dithmenos.
  6833 | D:7      | Reached skill level 5 in Fighting
  6833 | D:7      | Reached skill level 1 in Hexes
  6927 | D:7      | Noticed Pikel
  6942 | D:7      | Killed Pikel
  6943 | D:7      | Reached skill level 1 in Necromancy
  7160 | D:7      | Found a runed translucent door.
  7161 | D:7      | Noticed Crazy Yiuf
  7166 | D:7      | Paralysed by Crazy Yiuf for 3 turns
  7169 | D:7      | Killed Crazy Yiuf
  7302 | D:7      | Noticed an orange demon
  7551 | D:8      | Reached * piety under Sif Muna
  7748 | D:8      | Identified the +0 ring mail of Gettack {Rampage Will+}
  7809 | D:8      | Reached skill level 8 in Ice Magic
  7809 | D:8      | Reached XP level 10. HP: 63/74 MP: 3/20
  7816 | D:8      | Reached skill level 5 in Conjurations
  7969 | D:8      | Noticed Maurice
  7986 | D:8      | Killed Maurice
  8795 | D:9      | Noticed a cyclops
  8802 | D:9      | Killed a cyclops
  8803 | D:9      | Reached skill level 5 in Hexes
  8803 | D:9      | Reached skill level 9 in Ice Magic
  8915 | D:9      | Reached ** piety under Sif Muna
  8977 | D:9      | Noticed a brown ugly thing
  8977 | D:9      | Noticed a cyclops
  8977 | D:9      | Noticed a boulder beetle
  9203 | D:9      | Noticed a six-headed hydra
  9203 | D:9      | Noticed a brown ugly thing
  9209 | D:9      | Found a staircase to the Lair.
  9293 | D:9      | Found Quci's Weapon Boutique.
  9421 | D:9      | Reached skill level 5 in Necromancy
  9471 | D:9      | HP: 3/74 [boulder beetle (26)]
  9484 | D:9      | Slain by a boulder beetle

Illustrated notes

Levels and vault maps discovered:
D:1:      dpeg_arrival_boxes_within_box, layout_basic
D:2:      layout_basic, hellmonk_ecumenical_altar_pennies_from_heaven,
          serial_shops, nicolae_shop_waterfront, minmay_misc_feat_columns,
          minmay_octomino_j4
D:3:      layout_rooms, mainiacjoe_overflow_small_starburst
D:4:      kennysheep_slugbush, layout_basic, lemuel_crystal_altar,
          mainiacjoe_overflow_swirl
D:5:      layout_basic, led_xom_imps, minmay_temple_entry_offerings
D:6:      layout_basic, nicolae_uskayaw_suspiria, serial_shops,
          nicolae_diamond_shop, minivault_24, uniq_menkaure
D:7:      layout_loops_ring, lemuel_tele_altar, serial_shops,
          nicolae_square_shop, uniq_amaemon, uniq_pikel, uniq_crazy_yiuf_cottage
D:8:      layout_gridville, hangedman_abyss_or_decor_stagger,
          grunt_decor_mini_mirrors, uniq_maurice
D:9:      minmay_the_grid_triangle_9x9_recursive_2_mashed
          [minmay_the_grid_triangle_9x9_prize_insulated,
          minmay_the_grid_triangle_9x9_swiss_cheese,
          minmay_the_grid_triangle_9x9_wacky_v,
          minmay_the_grid_triangle_9x9_empty], layout_basic,
          erik_lair_orcish_takeover, serial_shops,
          nicolae_shop_bloodbath_and_beyond
Temple:   pdpol_scorched_temple

Skill      XL: |  1  2  3  4  5  6  7  8  9 10 |
---------------+-------------------------------+-----
Dodging        | 3 4 5 |  5.0
Ice Magic      | 5 6 7 8 9 |  9.9
Spellcasting   | 3 4 6 7 |  7.0
Fighting       | 2 4 5 |  5.0
Conjurations   | 1 3 4 5 |  5.0
Stealth        | 3 4 |  4.0
Hexes          | 3 5 |  5.0
Necromancy     | 2 5 |  5.0

Action                   |  1- 3 |  4- 6 |  7- 9 | 10-12 || total
-------------------------+-------+-------+-------+-------++-------
Melee: Rapier            |    15 |       |       |       ||    15
       Trident           |    13 |       |       |       ||    13
       Short sword       |     6 |    83 |    80 |       ||   169
       Tailslap          |       |     1 |       |       ||     1
       Punch             |       |       |     1 |     1 ||     2
       Whip              |       |       |    22 |    38 ||    60
Throw: Stone             |       |     3 |     4 |     4 ||    11
 Cast: Freeze            |    31 |    61 |    51 |    27 ||   170
       Frozen Ramparts   |       |    14 |    18 |    14 ||    46
       Foxfire           |       |       |    44 |    34 ||    78
       Hailstorm         |       |       |     3 |       ||     3
       Anguish           |       |       |       |     1 ||     1
  Use: Scroll            |     1 |       |    12 |     4 ||    17
       Potion            |       |       |       |     2 ||     2
 Stab: Sleeping          |     5 |     1 |     2 |       ||     8
Armor: Robe              |     9 |    40 |    17 |       ||    66
       Steam dragon scal |       |       |    37 |    40 ||    77
Dodge: Dodged            |    32 |   109 |   133 |    63 ||   337

Table legend: (Time is in decaauts)
 A = Elapsed time spent in this place.
 B = Non-inter-level travel time spent in this place.
 C = Inter-level travel time spent in this place.
 D = Time resting spent in this place.
 E = Time spent auto-exploring this place.
 F = Levels seen in this place.
 G = Mean time per level.
                   A        B        C        D        E       F      G
               +--------+--------+--------+--------+--------+-----+--------+
         Total |   9438 |   8837 |    601 |    415 |   6321 |  10 |  943.8 |
       Dungeon |   9351 |   8759 |    592 |    415 |   6297 |   9 | 1039.0 |
        Temple |     86 |     78 |      8 |      0 |     24 |   1 |   86.0 |
               +--------+--------+--------+--------+--------+-----+--------+

Top non-repeatable levels by time:
     D:1: 1314 daAuts
     D:8: 1223 daAuts
     D:4: 1202 daAuts
     D:7: 1129 daAuts
     D:2: 1006 daAuts
     D:5: 995 daAuts
     D:3: 886 daAuts
     D:6: 878 daAuts
     D:9: 714 daAuts
  Temple: 86 daAuts
